Edmonton Oilers vs Minnesota North Stars
Created - Sunday, October 27, 2024 at 09:48
Goals
|
| Edmonton Oilers |
1 |
1 |
1 |
3 |
| Minnesota North Stars |
1 |
0 |
0 |
1 |
|
Shots
|
| Edmonton Oilers |
6 |
14 |
10 |
30 |
| Minnesota North Stars |
16 |
10 |
6 |
32 |
|
1st period
1. Edmonton Oilers , Boone Jenner 16 (Adrian Kempe 41) at 18:46 (PP)
2. Minnesota North Stars , Ryan Nugent-Hopkins 15 (Rasmus Dahlin 10, Jack Hughes 22) at 19:41
Penalties :
Corey Perry (EDM) for Roughing (Minor) at 0:36, Evgeni Malkin (MNS) for Interference (Minor) at 5:46, Rasmus Dahlin (MNS) for High sticking (Minor) at 18:09
2nd period
3. Edmonton Oilers , Adrian Kempe 22 (Brock Boeser 28) at 16:13 (PP)
Penalties :
Neal Pionk (MNS) for Cross-checking (Minor) at 15:53
3rd period
4. Edmonton Oilers , Brock Boeser 20 (Rasmus Ristolainen 8, Adrian Kempe 42) at 7:58
Penalties :
Adrian Kempe (EDM) for Cross-checking (Minor) at 9:50
Goalie Stats
Juuse Saros (EDM), 31 saves from 32 shots - (0.969), W, 18-21-2, 60:00 minutes
Stuart Skinner (MNS), 27 saves from 30 shots - (0.900), L, 11-16-2, 60:00 minutes
Players Stats for Edmonton Oilers
Player Name G A P +/- PIM S H SB GA TA FO MP PP MP PK MP
------------------------------------------------------------------------------------
Adrian Kempe 1 2 3 1 2 2 8 0 1 1 1/1 17:50 1:27 0:59
Alex Iafallo 0 0 0 0 0 3 2 0 0 0 0/0 12:35 0:00 0:00
Boone Jenner 1 0 1 1 0 3 3 0 1 1 9/13 17:13 1:27 0:21
Brandon Carlo 0 0 0 0 0 2 0 0 1 0 0/0 21:21 1:26 1:52
Brett Pesce 0 0 0 1 0 0 0 1 0 1 0/0 17:15 1:02 0:07
Brock Boeser 1 1 2 1 0 4 1 1 0 2 0/0 18:45 1:27 1:39
Corey Perry 0 0 0 0 2 1 1 0 2 0 0/2 12:23 0:00 0:00
David Perron 0 0 0 -1 0 2 2 0 1 1 2/4 16:31 0:00 1:54
Dawson Mercer 0 0 0 0 0 1 2 0 0 0 1/7 14:46 1:29 0:54
Evan Bouchard 0 0 0 -1 0 4 0 3 0 0 0/0 22:36 1:32 2:06
Jacob Trouba 0 0 0 0 0 0 1 1 0 0 0/0 21:21 1:24 1:52
Jake DeBrusk 0 0 0 -1 0 0 3 0 1 0 1/4 17:45 1:29 1:52
Jeff Carter 0 0 0 -1 0 3 2 0 0 0 9/18 16:25 1:29 0:17
Morgan Barron 0 0 0 0 0 1 0 1 0 0 0/0 10:53 0:00 0:00
Rasmus Ristolainen 0 1 1 1 0 1 1 1 0 1 0/0 18:56 0:00 1:59
Ryan McLeod 0 0 0 0 0 1 0 0 0 0 1/1 10:27 0:00 0:00
Scott Mayfield 0 0 0 -1 0 1 0 0 0 1 0/0 18:31 0:28 0:00
Tanner Jeannot 0 0 0 0 0 1 2 0 2 0 1/1 10:27 0:00 0:00
Players Stats for Minnesota North Stars
Player Name G A P +/- PIM S H SB GA TA FO MP PP MP PK MP
------------------------------------------------------------------------------------
Brock Nelson 0 0 0 -1 0 3 0 1 3 0 0/1 15:07 1:23 0:00
Dylan DeMelo 0 0 0 0 0 0 1 1 0 1 0/0 17:23 0:00 0:00
Eeli Tolvanen 0 0 0 0 0 2 0 0 0 0 0/0 9:46 0:00 0:00
Evan Rodrigues 0 0 0 0 0 0 1 0 1 0 1/4 9:46 0:00 0:00
Evgeni Malkin 0 0 0 0 2 1 4 2 1 3 7/14 16:45 1:23 0:00
Frank Vatrano 0 0 0 0 0 0 1 0 0 0 0/1 17:19 2:35 0:00
Gustav Forsling 0 0 0 0 0 2 0 0 0 1 0/0 21:15 2:21 1:28
Jack Hughes 0 1 1 1 0 7 0 0 0 0 7/12 16:37 2:35 0:00
Justin Faulk 0 0 0 0 0 2 1 1 0 0 0/0 21:22 1:37 1:28
Lawson Crouse 0 0 0 -1 0 0 2 0 0 0 0/3 15:09 0:00 1:29
Matt Roy 0 0 0 0 0 0 1 1 1 1 0/0 17:23 0:00 0:00
Neal Pionk 0 0 0 0 2 1 2 0 0 1 0/0 21:14 2:21 1:28
Rasmus Dahlin 0 1 1 0 2 3 2 1 0 0 0/0 21:21 1:37 1:28
Ryan Nugent-Hopkins 1 0 1 1 0 4 1 1 0 0 0/1 16:08 0:00 1:27
Valeri Nichushkin 0 0 0 0 0 3 2 0 1 1 1/1 16:13 0:00 1:27
William Eklund 0 0 0 0 0 1 2 0 0 1 0/0 12:45 2:35 0:00
William Karlsson 0 0 0 -1 0 1 1 0 1 0 10/14 15:01 0:00 1:29
Yegor Sharangovich 0 0 0 1 0 2 1 0 0 0 0/0 16:27 1:23 0:00
3 Stars
1 - Adrian Kempe (EDM)
2 - Juuse Saros (EDM)
3 - Brock Boeser (EDM)
Power Play
Edmonton Oilers - 2 on 3 Attempt(s) - 66.67%
Minnesota North Stars - 0 on 2 Attempt(s) - 0.00%
Penalty Kill
Edmonton Oilers - 2 on 2 Attempt(s) - 100.00%
- Score 0 goal in Penalty Kill
Minnesota North Stars - 1 on 3 Attempt(s) - 33.33%
- Score 0 goal in Penalty Kill
Team Stat
Edmonton Oilers - Hits : 28 - Faceoff Wins : 25 - Blocked Shots : 8 - Penalty Minutes : 4
Minnesota North Stars - Hits : 22 - Faceoff Wins : 26 - Blocked Shots : 8 - Penalty Minutes : 6
Official
Referees : Francois St Laurent and Chris Lee
Linesman : Michel Cormier and Libor Suchanek
Game Notes
No Game Note
Finance
Level 1 -- Attendance: 4252 (70.87%) -- Ticket Income $425,200
Level 2 -- Attendance: 3666 (73.32%) -- Ticket Income $219,960
Level 3 -- Attendance: 2249 (74.97%) -- Ticket Income $78,715
Level 4 -- Attendance: 3450 (69.00%) -- Ticket Income $86,250
Luxury Box -- Attendance: 722 (72.20%) -- Ticket Income $144,400
Game was played at the Met Center.
Total Attendance: 14339 (71.70%)
Total Ticket Income: $954,525
Other Income: $334,084
Total Income: $1,288,609
Edmonton Oilers
5 vs 5 Forward
Center Left Wing Right Wing Time % Phy DF OF
1 Boone Jenner Brock Boeser Adrian Kempe 30 1 2 2
2 Jeff Carter David Perron Jake DeBrusk 30 1 2 2
3 Dawson Mercer Corey Perry Alex Iafallo 25 1 2 2
4 Ryan McLeod Morgan Barron Tanner Jeannot 15 1 2 2
5 vs 5 Defense
Defense Defense Time % Phy DF OF
1 Brandon Carlo Jacob Trouba 35 1 2 2
2 Evan Bouchard Scott Mayfield 35 1 2 2
3 Brett Pesce Rasmus Ristolainen 30 1 2 2
4 Brandon Carlo Jacob Trouba 0 1 2 2
PowerPlay Forward
Center Left Wing Right Wing Time % Phy DF OF
1 Boone Jenner Brock Boeser Adrian Kempe 50 1 2 2
2 Jeff Carter Jake DeBrusk Dawson Mercer 50 1 2 2
PowerPlay Defense
Defense Defense Time % Phy DF OF
1 Brandon Carlo Jacob Trouba 50 1 2 2
2 Evan Bouchard Brett Pesce 50 1 2 2
Penalty Kill 4 Players Forward
Center Wing Time % Phy DF OF
1 David Perron Brock Boeser 50 1 2 2
2 Jake DeBrusk Adrian Kempe 50 1 2 2
Penalty Kill 4 Players Defense
Defense Defense Time % Phy DF OF
1 Brandon Carlo Jacob Trouba 50 1 2 2
2 Evan Bouchard Rasmus Ristolainen 50 1 2 2
Penalty Kill - 3 Players Forward
Forward Time % Phy DF OF
1 Adrian Kempe 50 1 2 2
2 Brock Boeser 50 1 2 2
Penalty Kill - 3 Players Defense
Defense Defense Time % Phy DF OF
1 Brandon Carlo Jacob Trouba 50 1 2 2
2 Evan Bouchard Rasmus Ristolainen 50 1 2 2
4 vs 4 Forward
Center Wing Time % Phy DF OF
1 Jake DeBrusk Brock Boeser 50 1 2 2
2 Dawson Mercer Adrian Kempe 50 1 2 2
4 vs 4 Defense
Defense Defense Time % Phy DF OF
1 Brandon Carlo Jacob Trouba 50 1 2 2
2 Evan Bouchard Brett Pesce 50 1 2 2
Last Minutes Offensive
Center Left Wing Right Wing Defense Defense
Boone Jenner Brock Boeser Adrian Kempe Brandon Carlo Jacob Trouba
Last Minutes Defensive
Center Left Wing Right Wing Defense Defense
Boone Jenner Brock Boeser Adrian Kempe Brandon Carlo Jacob Trouba
Goaltenders
Starting : Juuse Saros
Backup : Matt Murray
Extra Forwards
Normal : Morgan Barron, Jake DeBrusk, Dawson Mercer - PP : Morgan Barron, Jake DeBrusk - PK : Dawson Mercer
Extra Defensemen
Normal : Brett Pesce, Rasmus Ristolainen, Evan Bouchard - PP : Brett Pesce - PK : Rasmus Ristolainen, Evan Bouchard
Penalty Shots
Dawson Mercer, Brock Boeser, Adrian Kempe, Jake DeBrusk, David Perron
Scratches
David Reinbacher (Healthy), Mikael Backlund (Healthy), Julien Gauthier (Healthy), Dylan Holloway (Healthy)
Minnesota North Stars
5 vs 5 Forward
Center Left Wing Right Wing Time % Phy DF OF
1 Evgeni Malkin Valeri Nichushkin Frank Vatrano 28 1 1 3
2 William Karlsson Brock Nelson Lawson Crouse 28 1 1 3
3 Jack Hughes Ryan Nugent-Hopkins Yegor Sharangovich 28 0 1 4
4 Evan Rodrigues William Eklund Eeli Tolvanen 16 1 1 3
5 vs 5 Defense
Defense Defense Time % Phy DF OF
1 Rasmus Dahlin Justin Faulk 34 1 2 2
2 Neal Pionk Gustav Forsling 33 2 2 1
3 Dylan DeMelo Matt Roy 33 2 2 1
4 Rasmus Dahlin Justin Faulk 0 1 2 2
PowerPlay Forward
Center Left Wing Right Wing Time % Phy DF OF
1 Jack Hughes William Eklund Frank Vatrano 50 0 1 4
2 Evgeni Malkin Yegor Sharangovich Brock Nelson 50 0 1 4
PowerPlay Defense
Defense Defense Time % Phy DF OF
1 Rasmus Dahlin Justin Faulk 50 1 1 3
2 Neal Pionk Gustav Forsling 50 1 1 3
Penalty Kill 4 Players Forward
Center Wing Time % Phy DF OF
1 William Karlsson Lawson Crouse 50 1 3 1
2 Ryan Nugent-Hopkins Valeri Nichushkin 50 1 3 1
Penalty Kill 4 Players Defense
Defense Defense Time % Phy DF OF
1 Rasmus Dahlin Justin Faulk 50 2 3 0
2 Neal Pionk Gustav Forsling 50 2 3 0
Penalty Kill - 3 Players Forward
Forward Time % Phy DF OF
1 William Karlsson 50 1 3 1
2 Ryan Nugent-Hopkins 50 1 3 1
Penalty Kill - 3 Players Defense
Defense Defense Time % Phy DF OF
1 Rasmus Dahlin Justin Faulk 50 2 3 0
2 Neal Pionk Gustav Forsling 50 2 3 0
4 vs 4 Forward
Center Wing Time % Phy DF OF
1 Valeri Nichushkin Evgeni Malkin 50 1 2 2
2 William Karlsson Jack Hughes 50 1 2 2
4 vs 4 Defense
Defense Defense Time % Phy DF OF
1 Rasmus Dahlin Justin Faulk 50 1 2 2
2 Neal Pionk Gustav Forsling 50 1 2 2
Last Minutes Offensive
Center Left Wing Right Wing Defense Defense
Jack Hughes Valeri Nichushkin Frank Vatrano Rasmus Dahlin Justin Faulk
Last Minutes Defensive
Center Left Wing Right Wing Defense Defense
William Karlsson Valeri Nichushkin Frank Vatrano Gustav Forsling Neal Pionk
Goaltenders
Starting : Stuart Skinner
Backup : Charlie Lindgren
Extra Forwards
Normal : William Eklund, Ryan Nugent-Hopkins, Yegor Sharangovich - PP : William Eklund, Ryan Nugent-Hopkins - PK : Yegor Sharangovich
Extra Defensemen
Normal : Dylan DeMelo, Matt Roy, Neal Pionk - PP : Dylan DeMelo - PK : Matt Roy, Neal Pionk
Penalty Shots
Valeri Nichushkin, Evgeni Malkin, William Karlsson, Jack Hughes, Brock Nelson
Scratches
Jonas Brodin (Healthy), Viktor Arvidsson (Sports Hernia Injury), Roni Hirvonen (Healthy), Oskari Salminen (Healthy)
% Time on Ice - Edmonton Oilers
Lines # - Real PCT - Wanted PCT - Time Play
Normal Forward
1 - 30% - 30% - 16:05
2 - 27% - 30% - 14:25
3 - 23% - 25% - 12:09
4 - 20% - 15% - 10:27
Normal Defense
1 - 34% - 35% - 18:05
2 - 36% - 35% - 19:08
3 - 30% - 30% - 15:53
4 - 0% - 0% - 0:00
PP Forward
1 - 49% - 50% - 1:27
2 - 51% - 50% - 1:29
PP Defense
1 - 48% - 50% - 1:24
2 - 52% - 50% - 1:32
PK Forward
1 - 42% - 50% - 1:39
2 - 58% - 50% - 2:19
PK Defense
1 - 47% - 50% - 1:52
2 - 53% - 50% - 2:06
PK3 Forward
1 - 0% - 50%
2 - 0% - 50%
PK3 Defense
1 - 0% - 50%
2 - 0% - 50%
44 Forward
1 - 0% - 50%
2 - 0% - 50%
44 Defense
1 - 0% - 50%
2 - 0% - 50%
Last Minute Offensive - 0:00
Last Minute Defensive - 0:00
Total
Forward - 60:00
Defense - 60:00
|
% Time on Ice - Minnesota North Stars
Lines # - Real PCT - Wanted PCT - Time Play
Normal Forward
1 - 29% - 28% - 15:13
2 - 26% - 28% - 13:45
3 - 27% - 28% - 14:22
4 - 18% - 16% - 9:46
Normal Defense
1 - 34% - 34% - 18:17
2 - 33% - 33% - 17:26
3 - 33% - 33% - 17:23
4 - 0% - 0% - 0:00
PP Forward
1 - 65% - 50% - 2:35
2 - 35% - 50% - 1:23
PP Defense
1 - 41% - 50% - 1:37
2 - 59% - 50% - 2:21
PK Forward
1 - 51% - 50% - 1:29
2 - 49% - 50% - 1:27
PK Defense
1 - 50% - 50% - 1:28
2 - 50% - 50% - 1:28
PK3 Forward
1 - 0% - 50%
2 - 0% - 50%
PK3 Defense
1 - 0% - 50%
2 - 0% - 50%
44 Forward
1 - 0% - 50%
2 - 0% - 50%
44 Defense
1 - 0% - 50%
2 - 0% - 50%
Last Minute Offensive - 0:00
Last Minute Defensive - 0:00
Total
Forward - 60:00
Defense - 60:00
|
Play-by-Play
1st period
0:01 of 1st period - Boone Jenner wins face-off versus Evgeni Malkin in neutral zone.
0:05 of 1st period - Icing by Evgeni Malkin.
0:06 of 1st period - Boone Jenner wins face-off versus Evgeni Malkin in Minnesota North Stars zone.
0:23 of 1st period - Snap shot by Valeri Nichushkin.
0:23 of 1st period - Stopped by Juuse Saros without a rebound.
0:24 of 1st period - William Karlsson wins face-off versus Jeff Carter in Edmonton Oilers zone.
0:31 of 1st period - Slapshot by Brock Nelson.
0:31 of 1st period - Stopped by Juuse Saros without a rebound.
0:32 of 1st period - Jack Hughes wins face-off versus Dawson Mercer in Edmonton Oilers zone.
0:36 of 1st period - Minor Penalty to Corey Perry for Roughing.
0:37 of 1st period - David Perron wins face-off versus Jack Hughes in Edmonton Oilers zone.
0:44 of 1st period - Off-side.
0:45 of 1st period - Jack Hughes wins face-off versus Jake DeBrusk in neutral zone.
1:07 of 1st period - Icing by William Eklund.
1:08 of 1st period - David Perron wins face-off versus Jack Hughes in Minnesota North Stars zone.
1:25 of 1st period - Snap shot by Jack Hughes.
1:25 of 1st period - Stopped by Juuse Saros without a rebound.
1:26 of 1st period - Evgeni Malkin wins face-off versus Jake DeBrusk in Edmonton Oilers zone.
1:59 of 1st period - Icing by Neal Pionk.
2:00 of 1st period - Jack Hughes wins face-off versus David Perron in Minnesota North Stars zone.
2:24 of 1st period - Snap shot by Jack Hughes.
2:24 of 1st period - Deflect By Adrian Kempe.
2:24 of 1st period - Stopped by Juuse Saros with a rebound.
2:26 of 1st period - Slapshot by Gustav Forsling.
2:26 of 1st period - Stopped by Juuse Saros without a rebound.
2:27 of 1st period - Evgeni Malkin wins face-off versus David Perron in Edmonton Oilers zone.
2:32 of 1st period - Wrist shot by Yegor Sharangovich.
2:32 of 1st period - Stopped by Juuse Saros with a rebound.
2:34 of 1st period - Snap shot by Brock Nelson.
2:34 of 1st period - Shot Misses the Net.
2:36 of 1st period - Penalty to Corey Perry is over, Corey Perry is back on ice.
3:50 of 1st period - Slapshot by William Karlsson.
3:50 of 1st period - Stopped by Juuse Saros with a rebound.
3:52 of 1st period - Snap shot by Frank Vatrano.
3:52 of 1st period - Shot Misses the Net.
3:58 of 1st period - Slapshot by Valeri Nichushkin.
3:58 of 1st period - Stopped by Juuse Saros without a rebound.
3:59 of 1st period - Evgeni Malkin wins face-off versus Dawson Mercer in Edmonton Oilers zone.
4:14 of 1st period - Slapshot by Evgeni Malkin.
4:14 of 1st period - Shot Misses the Net.
4:16 of 1st period - Slapshot by Neal Pionk.
4:16 of 1st period - Shot Blocked by Rasmus Ristolainen.
4:44 of 1st period - Alex Iafallo is hit by Lawson Crouse and loses puck.
4:57 of 1st period - Wrist shot by Jack Hughes.
4:57 of 1st period - Stopped by Juuse Saros with a rebound.
5:46 of 1st period - Minor Penalty to Evgeni Malkin for Interference.
5:47 of 1st period - William Karlsson wins face-off versus Boone Jenner in Minnesota North Stars zone.
6:59 of 1st period - Brett Pesce is hit by Valeri Nichushkin and loses puck.
7:46 of 1st period - Penalty to Evgeni Malkin is over, Evgeni Malkin is back on ice.
8:49 of 1st period - Scott Mayfield is hit by Ryan Nugent-Hopkins and loses puck.
9:45 of 1st period - Wrist shot by Valeri Nichushkin.
9:45 of 1st period - Shot Blocked by Brett Pesce.
10:09 of 1st period - Adrian Kempe is hit by Lawson Crouse and loses puck.
11:54 of 1st period - Jack Hughes is hit by Adrian Kempe and loses puck.
12:29 of 1st period - Snap shot by Brock Nelson.
12:29 of 1st period - Stopped by Juuse Saros without a rebound.
12:30 of 1st period - William Karlsson wins face-off versus Jeff Carter in Edmonton Oilers zone.
12:52 of 1st period - William Karlsson is hit by Adrian Kempe and loses puck.
12:59 of 1st period - Snap shot by Brock Boeser.
12:59 of 1st period - Stopped by Stuart Skinner with a rebound.
13:13 of 1st period - Jack Hughes is hit by Corey Perry and loses puck.
13:18 of 1st period - Wrist shot by Corey Perry.
13:18 of 1st period - Stopped by Stuart Skinner with a rebound.
13:48 of 1st period - Rasmus Ristolainen is hit by William Eklund.
14:41 of 1st period - Off-side.
14:42 of 1st period - William Karlsson wins face-off versus Corey Perry in neutral zone.
15:08 of 1st period - David Perron is hit by Evgeni Malkin and loses puck.
15:15 of 1st period - Snap shot by Valeri Nichushkin.
15:15 of 1st period - Shot Misses the Net.
15:17 of 1st period - Slapshot by Frank Vatrano.
15:17 of 1st period - Shot Misses the Net.
15:19 of 1st period - Backhand shot by Rasmus Dahlin.
15:19 of 1st period - Stopped by Juuse Saros with a rebound.
15:37 of 1st period - Yegor Sharangovich is hit by Adrian Kempe and loses puck.
16:12 of 1st period - Tanner Jeannot is hit by Matt Roy and loses puck.
16:31 of 1st period - Evgeni Malkin is hit by Jake DeBrusk and loses puck.
17:00 of 1st period - Snap shot by Jack Hughes.
17:00 of 1st period - Shot Misses the Net.
17:02 of 1st period - Wrist shot by Dylan DeMelo.
17:02 of 1st period - Shot Blocked by Brock Boeser.
17:12 of 1st period - Rasmus Ristolainen is hit by Neal Pionk and loses puck.
17:41 of 1st period - Snap shot by David Perron.
17:41 of 1st period - Deflect By Jeff Carter.
17:41 of 1st period - Stopped by Stuart Skinner with a rebound.
17:43 of 1st period - Wrist shot by Scott Mayfield.
17:43 of 1st period - Shot Misses the Net.
17:45 of 1st period - Slapshot by Evan Bouchard.
17:45 of 1st period - Shot Blocked by Evgeni Malkin.
17:47 of 1st period - Wrist shot by David Perron.
17:47 of 1st period - Stopped by Stuart Skinner with a rebound.
17:49 of 1st period - Slapshot by Scott Mayfield.
17:49 of 1st period - Stopped by Stuart Skinner with a rebound.
17:58 of 1st period - Off-side.
17:59 of 1st period - Dawson Mercer wins face-off versus Evan Rodrigues in neutral zone.
18:09 of 1st period - Minor Penalty to Rasmus Dahlin for High sticking.
18:10 of 1st period - Jeff Carter wins face-off versus Lawson Crouse in Minnesota North Stars zone.
18:46 of 1st period - Snap shot by Boone Jenner.
18:46 of 1st period - Goal by Boone Jenner - Edmonton Oilers : 1 - Minnesota North Stars : 0.
18:47 of 1st period - Jack Hughes wins face-off versus Jake DeBrusk in neutral zone.
18:56 of 1st period - Slapshot by Ryan Nugent-Hopkins.
18:56 of 1st period - Stopped by Juuse Saros without a rebound.
18:57 of 1st period - Jeff Carter wins face-off versus Jack Hughes in Edmonton Oilers zone.
19:23 of 1st period - Wrist shot by Jack Hughes.
19:23 of 1st period - Stopped by Juuse Saros with a rebound.
19:25 of 1st period - Slapshot by Rasmus Dahlin.
19:25 of 1st period - Stopped by Juuse Saros with a rebound.
19:37 of 1st period - Snap shot by Jack Hughes.
19:37 of 1st period - Deflect By Ryan Nugent-Hopkins.
19:37 of 1st period - Stopped by Juuse Saros with a rebound.
19:39 of 1st period - Slapshot by Rasmus Dahlin.
19:39 of 1st period - Shot Misses the Net.
19:41 of 1st period - Snap shot by Ryan Nugent-Hopkins.
19:41 of 1st period - Goal by Ryan Nugent-Hopkins - Edmonton Oilers : 1 - Minnesota North Stars : 1.
19:42 of 1st period - Boone Jenner wins face-off versus Evgeni Malkin in neutral zone.
Goals for this period are 1 for Edmonton Oilers vs 1 for Minnesota North Stars.
Shots for this period are 6 for Edmonton Oilers vs 16 for Minnesota North Stars.
2nd period
0:01 of 2nd period - Boone Jenner wins face-off versus William Karlsson in neutral zone.
0:26 of 2nd period - Valeri Nichushkin is hit by David Perron and loses puck.
1:30 of 2nd period - Morgan Barron is hit by Justin Faulk and loses puck.
1:37 of 2nd period - Snap shot by William Eklund.
1:37 of 2nd period - Shot Misses the Net.
1:39 of 2nd period - Snap shot by William Eklund.
1:39 of 2nd period - Stopped by Juuse Saros with a rebound.
1:41 of 2nd period - Snap shot by Eeli Tolvanen.
1:41 of 2nd period - Shot Blocked by Evan Bouchard.
1:43 of 2nd period - Slapshot by Rasmus Dahlin.
1:43 of 2nd period - Shot Blocked by Evan Bouchard.
1:53 of 2nd period - Slapshot by Eeli Tolvanen.
1:53 of 2nd period - Stopped by Juuse Saros with a rebound.
1:55 of 2nd period - Wrist shot by Rasmus Dahlin.
1:55 of 2nd period - Shot Misses the Net.
1:57 of 2nd period - Slapshot by Rasmus Dahlin.
1:57 of 2nd period - Shot Blocked by Evan Bouchard.
1:59 of 2nd period - Slapshot by Justin Faulk.
1:59 of 2nd period - Stopped by Juuse Saros with a rebound.
2:01 of 2nd period - Wrist shot by Justin Faulk.
2:01 of 2nd period - Shot Misses the Net.
2:03 of 2nd period - Snap shot by Justin Faulk.
2:03 of 2nd period - Stopped by Juuse Saros without a rebound.
2:04 of 2nd period - Boone Jenner wins face-off versus Lawson Crouse in Edmonton Oilers zone.
2:36 of 2nd period - David Perron is hit by Evgeni Malkin and loses puck.
3:16 of 2nd period - Brandon Carlo is hit by William Karlsson and loses puck.
3:33 of 2nd period - Brandon Carlo is hit by Frank Vatrano and loses puck.
3:42 of 2nd period - Snap shot by Brock Boeser.
3:42 of 2nd period - Stopped by Stuart Skinner without a rebound.
3:43 of 2nd period - Jeff Carter wins face-off versus Jack Hughes in Minnesota North Stars zone.
3:52 of 2nd period - Snap shot by David Perron.
3:52 of 2nd period - Shot Misses the Net.
3:54 of 2nd period - Snap shot by Jeff Carter.
3:54 of 2nd period - Stopped by Stuart Skinner without a rebound.
3:55 of 2nd period - Jeff Carter wins face-off versus Brock Nelson in Minnesota North Stars zone.
3:56 of 2nd period - Snap shot by David Perron.
3:56 of 2nd period - Shot Blocked by Brock Nelson.
5:11 of 2nd period - Wrist shot by Ryan McLeod.
5:11 of 2nd period - Shot Misses the Net.
5:13 of 2nd period - Slapshot by Brandon Carlo.
5:13 of 2nd period - Stopped by Stuart Skinner with a rebound.
5:43 of 2nd period - William Karlsson is hit by Adrian Kempe and loses puck.
6:09 of 2nd period - Wrist shot by William Karlsson.
6:09 of 2nd period - Shot Misses the Net.
6:17 of 2nd period - Wrist shot by Adrian Kempe.
6:17 of 2nd period - Stopped by Stuart Skinner without a rebound.
6:18 of 2nd period - Jeff Carter wins face-off versus Frank Vatrano in Minnesota North Stars zone.
6:45 of 2nd period - Matt Roy is hit by Alex Iafallo and loses puck.
6:58 of 2nd period - Snap shot by Dawson Mercer.
6:58 of 2nd period - Shot Blocked by Ryan Nugent-Hopkins.
8:30 of 2nd period - Rasmus Ristolainen is hit by Evan Rodrigues and loses puck.
8:41 of 2nd period - Snap shot by Ryan McLeod.
8:41 of 2nd period - Stopped by Stuart Skinner without a rebound.
8:42 of 2nd period - Evgeni Malkin wins face-off versus Jeff Carter in Minnesota North Stars zone.
9:03 of 2nd period - Justin Faulk is hit by David Perron and loses puck.
9:18 of 2nd period - Boone Jenner is hit by Yegor Sharangovich.
9:58 of 2nd period - Morgan Barron is hit by William Eklund and loses puck.
10:31 of 2nd period - Evan Bouchard is hit by Dylan DeMelo.
11:48 of 2nd period - Snap shot by Evan Bouchard.
11:48 of 2nd period - Deflect By Ryan Nugent-Hopkins.
11:48 of 2nd period - Stopped by Stuart Skinner with a rebound.
11:50 of 2nd period - Slapshot by Evan Bouchard.
11:50 of 2nd period - Stopped by Stuart Skinner with a rebound.
11:52 of 2nd period - Snap shot by Morgan Barron.
11:52 of 2nd period - Stopped by Stuart Skinner with a rebound.
11:54 of 2nd period - Slapshot by Scott Mayfield.
11:54 of 2nd period - Shot Blocked by Dylan DeMelo.
11:58 of 2nd period - Snap shot by Ryan McLeod.
11:58 of 2nd period - Shot Misses the Net.
12:00 of 2nd period - Slapshot by Tanner Jeannot.
12:00 of 2nd period - Stopped by Stuart Skinner without a rebound.
12:01 of 2nd period - Evgeni Malkin wins face-off versus Jeff Carter in Minnesota North Stars zone.
12:10 of 2nd period - Snap shot by Evgeni Malkin.
12:10 of 2nd period - Shot Blocked by Jacob Trouba.
12:12 of 2nd period - Slapshot by Gustav Forsling.
12:12 of 2nd period - Stopped by Juuse Saros without a rebound.
12:13 of 2nd period - Boone Jenner wins face-off versus Evgeni Malkin in Edmonton Oilers zone.
12:13 of 2nd period - Boone Jenner is hit by Rasmus Dahlin.
12:43 of 2nd period - Off-side.
12:44 of 2nd period - Jeff Carter wins face-off versus William Karlsson in neutral zone.
13:09 of 2nd period - Gustav Forsling is hit by Rasmus Ristolainen and loses puck.
13:16 of 2nd period - Boone Jenner is hit by Valeri Nichushkin and loses puck.
13:37 of 2nd period - Snap shot by Eeli Tolvanen.
13:37 of 2nd period - Stopped by Juuse Saros without a rebound.
13:38 of 2nd period - Evan Rodrigues wins face-off versus Jeff Carter in Edmonton Oilers zone.
13:53 of 2nd period - Evan Rodrigues is hit by Jake DeBrusk and loses puck.
14:38 of 2nd period - Slapshot by Dawson Mercer.
14:38 of 2nd period - Stopped by Stuart Skinner without a rebound.
14:39 of 2nd period - Jeff Carter wins face-off versus Jack Hughes in Minnesota North Stars zone.
14:48 of 2nd period - Wrist shot by Jack Hughes.
14:48 of 2nd period - Stopped by Juuse Saros with a rebound.
14:50 of 2nd period - Snap shot by Yegor Sharangovich.
14:50 of 2nd period - Deflect By Jack Hughes.
14:50 of 2nd period - Stopped by Juuse Saros without a rebound.
14:51 of 2nd period - Valeri Nichushkin wins face-off versus Jeff Carter in Edmonton Oilers zone.
15:16 of 2nd period - Lawson Crouse is hit by Adrian Kempe and loses puck.
15:47 of 2nd period - Snap shot by Dawson Mercer.
15:47 of 2nd period - Shot Misses the Net.
15:53 of 2nd period - Minor Penalty to Neal Pionk for Cross-checking.
15:54 of 2nd period - Jeff Carter wins face-off versus Ryan Nugent-Hopkins in Minnesota North Stars zone.
16:07 of 2nd period - Wrist shot by Jeff Carter.
16:07 of 2nd period - Stopped by Stuart Skinner without a rebound.
16:08 of 2nd period - Adrian Kempe wins face-off versus William Karlsson in Minnesota North Stars zone.
16:11 of 2nd period - Wrist shot by Brock Boeser.
16:11 of 2nd period - Shot Blocked by Rasmus Dahlin.
16:13 of 2nd period - Wrist shot by Adrian Kempe.
16:13 of 2nd period - Goal by Adrian Kempe - Edmonton Oilers : 2 - Minnesota North Stars : 1.
16:14 of 2nd period - Evgeni Malkin wins face-off versus Jeff Carter in neutral zone.
16:19 of 2nd period - Slapshot by Evgeni Malkin.
16:19 of 2nd period - Deflect By Valeri Nichushkin.
16:19 of 2nd period - Shot Misses the Net.
16:19 of 2nd period - Puck is out of play.
16:20 of 2nd period - Jeff Carter wins face-off versus Evgeni Malkin in Edmonton Oilers zone.
16:27 of 2nd period - Slapshot by Evgeni Malkin.
16:27 of 2nd period - Shot Misses the Net.
16:29 of 2nd period - Wrist shot by Valeri Nichushkin.
16:29 of 2nd period - Stopped by Juuse Saros with a rebound.
16:31 of 2nd period - Wrist shot by Frank Vatrano.
16:31 of 2nd period - Shot Misses the Net.
17:01 of 2nd period - Ryan Nugent-Hopkins is hit by Jake DeBrusk.
17:56 of 2nd period - Off-side.
17:57 of 2nd period - Ryan McLeod wins face-off versus Evan Rodrigues in neutral zone.
18:23 of 2nd period - Matt Roy is hit by Adrian Kempe and loses puck.
18:46 of 2nd period - Snap shot by Alex Iafallo.
18:46 of 2nd period - Stopped by Stuart Skinner with a rebound.
18:50 of 2nd period - Slapshot by Evan Bouchard.
18:50 of 2nd period - Shot Blocked by Matt Roy.
18:52 of 2nd period - Snap shot by Alex Iafallo.
18:52 of 2nd period - Stopped by Stuart Skinner without a rebound.
18:53 of 2nd period - Jack Hughes wins face-off versus Jeff Carter in Minnesota North Stars zone.
19:10 of 2nd period - Slapshot by Jack Hughes.
19:10 of 2nd period - Stopped by Juuse Saros with a rebound.
19:37 of 2nd period - Evgeni Malkin is hit by Jeff Carter.
Goals for this period are 1 for Edmonton Oilers vs 0 for Minnesota North Stars.
Shots for this period are 14 for Edmonton Oilers vs 10 for Minnesota North Stars.
3rd period
0:01 of 3rd period - William Karlsson wins face-off versus Boone Jenner in neutral zone.
0:04 of 3rd period - Slapshot by Neal Pionk.
0:04 of 3rd period - Stopped by Juuse Saros with a rebound.
0:26 of 3rd period - Lawson Crouse is hit by Jeff Carter and loses puck.
0:54 of 3rd period - Snap shot by Jack Hughes.
0:54 of 3rd period - Shot Misses the Net.
0:56 of 3rd period - Slapshot by Rasmus Dahlin.
0:56 of 3rd period - Stopped by Juuse Saros with a rebound.
0:58 of 3rd period - Slapshot by Yegor Sharangovich.
0:58 of 3rd period - Stopped by Juuse Saros with a rebound.
1:54 of 3rd period - Eeli Tolvanen is hit by Adrian Kempe and loses puck.
2:11 of 3rd period - Eeli Tolvanen is hit by Adrian Kempe and loses puck.
2:16 of 3rd period - Wrist shot by Brock Boeser.
2:16 of 3rd period - Stopped by Stuart Skinner with a rebound.
2:18 of 3rd period - Slapshot by Brandon Carlo.
2:18 of 3rd period - Stopped by Stuart Skinner with a rebound.
2:51 of 3rd period - Off-side.
2:52 of 3rd period - William Karlsson wins face-off versus Dawson Mercer in neutral zone.
2:59 of 3rd period - Wrist shot by Brock Nelson.
2:59 of 3rd period - Shot Misses the Net.
3:49 of 3rd period - Slapshot by Valeri Nichushkin.
3:49 of 3rd period - Shot Misses the Net.
4:03 of 3rd period - Lawson Crouse is hit by Dawson Mercer.
4:11 of 3rd period - Gustav Forsling is hit by Alex Iafallo and loses puck.
4:48 of 3rd period - Evan Bouchard is hit by Evgeni Malkin and loses puck.
6:09 of 3rd period - Off-side.
6:10 of 3rd period - Boone Jenner wins face-off versus Evgeni Malkin in neutral zone.
6:15 of 3rd period - Snap shot by Brock Boeser.
6:15 of 3rd period - Shot Blocked by Evgeni Malkin.
6:54 of 3rd period - Snap shot by Evgeni Malkin.
6:54 of 3rd period - Stopped by Juuse Saros without a rebound.
6:55 of 3rd period - William Karlsson wins face-off versus Boone Jenner in Edmonton Oilers zone.
6:58 of 3rd period - Slapshot by Brock Nelson.
6:58 of 3rd period - Stopped by Juuse Saros without a rebound.
6:59 of 3rd period - William Karlsson wins face-off versus Boone Jenner in Edmonton Oilers zone.
7:52 of 3rd period - Slapshot by Evan Bouchard.
7:52 of 3rd period - Stopped by Stuart Skinner without a rebound.
7:53 of 3rd period - Boone Jenner wins face-off versus William Karlsson in Minnesota North Stars zone.
7:54 of 3rd period - Snap shot by Adrian Kempe.
7:54 of 3rd period - Shot Blocked by Justin Faulk.
7:56 of 3rd period - Wrist shot by Rasmus Ristolainen.
7:56 of 3rd period - Shot Misses the Net.
7:58 of 3rd period - Wrist shot by Brock Boeser.
7:58 of 3rd period - Goal by Brock Boeser - Edmonton Oilers : 3 - Minnesota North Stars : 1.
7:59 of 3rd period - William Karlsson wins face-off versus Dawson Mercer in neutral zone.
8:31 of 3rd period - Jack Hughes is hit by Brock Boeser and loses puck.
9:32 of 3rd period - Brock Nelson is hit by Jacob Trouba and loses puck.
9:50 of 3rd period - Minor Penalty to Adrian Kempe for Cross-checking.
9:51 of 3rd period - Jake DeBrusk wins face-off versus Evgeni Malkin in Edmonton Oilers zone.
11:29 of 3rd period - Frank Vatrano is hit by Dawson Mercer.
11:39 of 3rd period - Gustav Forsling is hit by Boone Jenner and loses puck.
11:48 of 3rd period - Slapshot by Evan Bouchard.
11:48 of 3rd period - Stopped by Stuart Skinner with a rebound.
11:50 of 3rd period - Penalty to Adrian Kempe is over, Adrian Kempe is back on ice.
11:50 of 3rd period - Slapshot by Boone Jenner.
11:50 of 3rd period - Stopped by Stuart Skinner without a rebound.
11:51 of 3rd period - Tanner Jeannot wins face-off versus Lawson Crouse in Minnesota North Stars zone.
12:04 of 3rd period - Matt Roy is hit by Tanner Jeannot and loses puck.
12:17 of 3rd period - Brock Boeser is hit by Evgeni Malkin.
12:21 of 3rd period - Dylan DeMelo is hit by Boone Jenner and loses puck.
12:48 of 3rd period - Snap shot by Boone Jenner.
12:48 of 3rd period - Stopped by Stuart Skinner with a rebound.
13:14 of 3rd period - Snap shot by David Perron.
13:14 of 3rd period - Stopped by Stuart Skinner with a rebound.
13:20 of 3rd period - Jake DeBrusk is hit by Neal Pionk and loses puck.
13:39 of 3rd period - Off-side.
13:40 of 3rd period - Jack Hughes wins face-off versus Jeff Carter in neutral zone.
14:05 of 3rd period - Dylan DeMelo is hit by Tanner Jeannot and loses puck.
14:38 of 3rd period - Snap shot by Ryan Nugent-Hopkins.
14:38 of 3rd period - Stopped by Juuse Saros without a rebound.
14:39 of 3rd period - William Karlsson wins face-off versus Corey Perry in Edmonton Oilers zone.
14:53 of 3rd period - Wrist shot by Brock Nelson.
14:53 of 3rd period - Shot Misses the Net.
14:55 of 3rd period - Wrist shot by Brock Nelson.
14:55 of 3rd period - Shot Hit the Post.
15:35 of 3rd period - Evan Rodrigues is hit by Boone Jenner and loses puck.
15:48 of 3rd period - Snap shot by William Karlsson.
15:48 of 3rd period - Shot Misses the Net.
15:50 of 3rd period - Wrist shot by Brock Nelson.
15:50 of 3rd period - Shot Blocked by Morgan Barron.
15:52 of 3rd period - Wrist shot by Lawson Crouse.
15:52 of 3rd period - Shot Misses the Net.
15:54 of 3rd period - Wrist shot by Gustav Forsling.
15:54 of 3rd period - Shot Misses the Net.
16:06 of 3rd period - Wrist shot by Rasmus Ristolainen.
16:06 of 3rd period - Deflect By Alex Iafallo.
16:06 of 3rd period - Stopped by Stuart Skinner with a rebound.
16:08 of 3rd period - Slapshot by Rasmus Ristolainen.
16:08 of 3rd period - Stopped by Stuart Skinner without a rebound.
16:09 of 3rd period - Evgeni Malkin wins face-off versus Dawson Mercer in Minnesota North Stars zone.
16:44 of 3rd period - Wrist shot by Ryan Nugent-Hopkins.
16:44 of 3rd period - Shot Misses the Net.
16:47 of 3rd period - Icing by Brandon Carlo.
16:48 of 3rd period - Boone Jenner wins face-off versus Evan Rodrigues in Edmonton Oilers zone.
17:03 of 3rd period - Off-side.
17:04 of 3rd period - Jack Hughes wins face-off versus Dawson Mercer in neutral zone.
18:54 of 3rd period - Slapshot by Adrian Kempe.
18:54 of 3rd period - Shot Misses the Net.
18:56 of 3rd period - Slapshot by Adrian Kempe.
18:56 of 3rd period - Shot Misses the Net.
19:36 of 3rd period - Morgan Barron is hit by Rasmus Dahlin and loses puck.
Goals for this period are 1 for Edmonton Oilers vs 0 for Minnesota North Stars.
Shots for this period are 10 for Edmonton Oilers vs 6 for Minnesota North Stars.
Back to the Top